 Dungeon Crawl Stone Soup version 0.25.0-33-gff14898491 (webtiles) character file.

Game seed: 9128040216772912965

45695 xccam the Dancer (level 14, 0/99 HPs)
             Began as an Octopode Assassin on July 6, 2020.
             Was a Follower of Uskayaw.
             Slain by a white ugly thing (30 damage)
             ... on level 15 of the Dungeon.
             The game lasted 00:30:16 (15163 turns).

xccam the Dancer (Octopode Assassin)               Turns: 15163, Time: 00:30:16

Health: 0/99       AC:  5    Str: 10    XL:     14   Next: 34%
Magic:  20/24      EV: 22    Int: 13    God:    Uskayaw [*.....]
Gold:   878        SH:  9    Dex: 19    Spells: 13/13 levels left

rFire    . . .     SeeInvis +   p - +8 short sword (speed)
rCold    . . .     Gourm    .   o - +3 buckler
rNeg     . . .     Faith    .   (helmet restricted)
rPois    +         Spirit   .   w - amulet of regeneration
rElec    .         Reflect  .   z - +4 ring of protection
rCorr    .         Harm     .   B - +4 ring of slaying
MR       +....                  C - ring of poison resistance
Stlth    +++++.....             K - ring of see invisible
HPRegen  0.66/turn              (no ring)
MPRegen  0.19/turn              (no ring)
                                (no ring)
                                (no ring)

@: no status effects
A: almost no armour, stealthy swim, amphibious, 8 rings, constrict 8, camouflage
1, gelatinous body 1
a: Stomp, Renounce Religion


You were on level 15 of the Dungeon.
You worshipped Uskayaw.
Uskayaw was pleased with you.
You were hungry.

You visited 2 branches of the dungeon, and saw 16 of its levels.

You collected 878 gold pieces.

Inventory:

Hand Weapons
 k - a +2 dagger of freezing
 p - a +8 short sword of speed (weapon)
Missiles
 b - 45 poisoned darts
 c - 7 curare-tipped darts (quivered)
Armour
 m - a +0 kite shield
 o - a +3 buckler (worn)
Jewellery
 w - an amulet of regeneration (around mantle)
 z - a +4 ring of protection (left tentacle)
 B - a +4 ring of slaying (right tentacle)
 C - a ring of poison resistance (on tentacle)
 K - a ring of see invisible (on tentacle)
Wands
 a - a wand of digging (3)
 i - a wand of flame (19)
 j - a wand of polymorph (6)
 s - a wand of random effects (26)
 y - a wand of iceblast (3)
 F - a wand of disintegration (7)
 J - a wand of acid (6)
Scrolls
 e - a scroll of immolation
 h - 13 scrolls of remove curse
 t - 2 scrolls of identify
 u - a scroll of amnesia
 v - 6 scrolls of teleportation
 A - a scroll of fog
 G - 4 scrolls of fear
 L - 3 scrolls of blinking
Potions
 f - 2 potions of resistance
 g - 4 potions of flight
 l - 3 potions of brilliance
 n - a potion of stabbing
 q - 4 potions of curing
 r - a potion of mutation
 x - a potion of haste
 D - a potion of ambrosia
 H - 2 potions of heal wounds
Comestibles
 d - 18 rations


   Skills:
 + Level 10.5 Fighting
 - Level 11.2(12.0) Short Blades
   Level 6.8(10.0) Long Blades
 - Level 2.0 Throwing
 + Level 10.5 Dodging
 + Level 9.4 Stealth
 - Level 5.0 Shields
 + Level 14.4 Invocations


You had 13 spell levels left.
You didn't know any spells.
Your spell library contained the following spells:

 Spells                   Type           Power        Failure   Level  Hunger
 Corona                   Hex            #......      30%         1    ##.....
 Magic Dart               Conj           #...         30%         1    ##.....
 Sting                    Tmut/Pois      #...         30%         1    ##.....
 Summon Butterflies       Summ           #.......     30%         1    ##.....
 Summon Small Mammal      Summ           #...         30%         1    ##.....
 Blink                    Tloc           N/A          43%         2    ###....
 Call Imp                 Summ           #.......     43%         2    ###....
 Ensorcelled Hibernation  Hex/Ice        #.....       43%         2    ###....
 Poisonous Vapours        Pois/Air       #.....       43%         2    ###....
 Shroud of Golubria       Chrm/Tloc      #.....       43%         2    ###....
 Slow                     Hex            #.......     43%         2    ###....
 Call Canine Familiar     Summ           #.......     67%         3    ####...
 Confusing Touch          Hex            #.......     67%         3    ####...
 Conjure Flame            Conj/Fire      #.......     67%         3    ####...
 Dazzling Flash           Conj/Hex       #.....       67%         3    ####...
 Gell's Gravitas          Tloc           #.........   67%         3    ####...
 Ignite Poison            Fire/Tmut/Pois #.......     67%         3    ####...
 Inner Flame              Hex/Fire       #.......     67%         3    ####...
 Lesser Beckoning         Tloc           #.........   67%         3    ####...
 Mephitic Cloud           Conj/Pois/Air  #.......     67%         3    ####...
 Portal Projectile        Hex/Tloc       #.....       67%         3    ####...
 Summon Guardian Golem    Hex/Summ       #.......     67%         3    ####...
 Teleport Other           Tloc           #.......     67%         3    ####...
 Tukima's Dance           Hex            #.......     67%         3    ####...
 Cause Fear               Hex            #.........   97%         4    #####..
 Leda's Liquefaction      Hex/Erth       #.........   97%         4    #####..
 Olgreb's Toxic Radiance  Pois           #.......     97%         4    #####..
 Passage of Golubria      Tloc           N/A          97%         4    #####..
 Petrify                  Tmut/Erth      #.......     97%         4    #####..
 Summon Ice Beast         Ice/Summ       #.......     97%         4    #####..
 Summon Lightning Spire   Summ/Air       #.......     97%         4    #####..
 Metabolic Englaciation   Hex/Ice        #.........   100%        5    ######.
 Summon Mana Viper        Hex/Summ       #.......     100%        5    ######.
 Yara's Violent Unravell  Hex/Tmut       #.........   100%        5    ######.
 Summon Hydra             Summ           #.........   100%        7    #######


Dungeon Overview and Level Annotations

Branches:
Dungeon (15/15)            Temple (1/1) D:5            Lair (0/6) D:9
    Orc (0/2) D:9          Vaults (0/5) D:14
 Depths: D:15

Altars:
Dithmenos
Elyvilon
Fedhas
Gozag
Nemelex Xobeh
Okawaru
Qazlal
Ru
Uskayaw
Yredelemnul
Zin
The Shining One

Shops:
D:9 %

Annotations:
D:6 1 runed translucent door, Tungsten's ghost, novice VSAs


Innate Abilities, Weirdness & Mutations

You cannot wear most types of armour.
You are very stealthy in the water. (Stealth+)
You are amphibious.
You can wear up to eight rings at the same time.
You can use your tentacles to constrict eight enemies at once.
Your skin changes colour to match your surroundings (Stealth+).
Your rubbery body absorbs attacks. (AC +1, EV +1)


Message History

The splash of acid misses you.
The splash of acid hits the white ugly thing!
The white ugly thing is splashed with acid!
The acid corrodes the white ugly thing!
The slime creature moves out of view.
The tengu conjurer shouts!
The centaur warrior shouts!
The deep elf mage shouts!
The slime creature quivers.
You hear a shout! x2
Found a scimitar.
Found an escape hatch in the ceiling.
A battlesphere comes into view.
There is a stone staircase leading up here.
The orc closely misses you.
The brown ugly thing basks in the mutagenic energy from its kin and changes!
The tengu conjurer mumbles some strange words.
The tengu conjurer conjures a globe of magical energy!
The white ugly thing barely misses you. The white ugly thing tail-slaps you!
The white ugly thing freezes you!! The white ugly thing headbutts you!
The white ugly thing freezes you! The white ugly thing engulfs you!
The white ugly thing freezes you!!
You die...

.. ......J...
##.###.G#......
.)..#..........
u..............
...<...e.......
...............
.....u.uu......
......u@u......
......u.o....#.
........Q.*..#
.......Doc.....
..........#Q*J.
..........oJ...
..........J....
.......W....o..


You could see an orc knight (wandering), 7 ugly things, 4 slime creatures, a
centaur warrior, a deep elf mage, an eye of draining, a hungry ghost, 2 tengu
conjurers, an acid dragon (catching breath), 2 orc wizards, 2 battlespheres and
an orc.

Vanquished Creatures
  Frances (D:14)
  Erolcha (D:9)
  4 vault guards (D:14)
  2 hydras
  A death knight (D:13)
  3 centaur warriors
  Erica (D:9)
  5 two-headed ogres
  A death yak (D:8)
  3 tengu warriors
  Nergalle (D:11)
  2 unseen horrors
  A necromancer (D:14)
  A deep elf mage (D:14)
  4 cyclopes
  15 ugly things
  Maurice (D:10)
  A guardian serpent (D:11)
  2 gargoyles
  A freezing wraith (D:12)
  4 trolls
  A jumping spider (shapeshifter) (D:12)
  17 slime creatures
  6 hippogriffs
  13 yaks
  2 vampires
  A spriggan (D:9)
  A basilisk (D:13)
  7 vampire mosquitoes
  7 humans (D:14)
  6 hungry ghosts
  A soldier ant (D:13)
  A water moccasin (D:11)
  8 orc warriors
  4 phantoms
  A hornet zombie (D:5)
  4 sky beasts
  2 necrophages
  4 ogres
  An eye of draining (D:13)
  10 centaurs
  4 big kobolds
  2 crocodiles
  9 bullfrogs
  A wyvern zombie (D:6)
  A water moccasin zombie (D:9)
  A wyvern skeleton (D:12)
  3 scorpions
  9 killer bees
  A howler monkey (D:8)
  11 wights
  3 electric eels (D:9)
  8 crimson imps
  2 centaur zombies
  7 hounds
  3 jellies
  3 bullfrog skeletons
  6 orc priests
  4 centaur skeletons
  2 iguanas
  Ijyb (D:5)
  10 orc wizards
  11 worker ants
  A hound skeleton (D:5)
  4 gnolls (D:8)
  14 adders
  3 shadow imps
  An ooze (D:4)
  An adder zombie (D:8)
  5 adder skeletons
  3 dart slugs
  9 leopard geckos
  41 orcs
  6 ball pythons
  9 bats
  5 giant cockroaches
  6 goblins
  3 hobgoblins
  8 jackals (D:7)
  27 kobolds
  3 quokkas
  7 frilled lizards
  3 rats (D:2)
413 creatures vanquished.

Vanquished Creatures (others)
  A human (D:14)
  A kobold (D:9)
  2 withered plants (D:6)
4 creatures vanquished.

Grand Total: 417 creatures vanquished

Notes
Turn   | Place    | Note
-------+----------+-------------------------------------------
     0 | D:1      | xccam the Octopode Assassin began the quest for the Orb.
     0 | D:1      | Reached XP level 1. HP: 14/14 MP: 1/1
    97 | D:1      | Reached XP level 2. HP: 19/19 MP: 2/2
   561 | D:1      | Reached XP level 3. HP: 24/24 MP: 3/3
  1387 | D:3      | Found a sacrificial altar of Ru.
  1391 | D:3      | Reached XP level 4. HP: 26/29 MP: 4/4
  1901 | D:3      | Found a shadowy altar of Dithmenos.
  1903 | D:3      | Reached skill level 5 in Short Blades
  1903 | D:3      | Reached XP level 5. HP: 34/34 MP: 5/5
  1994 | D:3      | Found a sparkling altar of Nemelex Xobeh.
  2112 | D:4      | Found a glowing golden altar of the Shining One.
  2140 | D:4      | Found an iron altar of Okawaru.
  2140 | D:4      | Found an opulent altar of Gozag.
  2354 | D:4      | Reached XP level 6. HP: 32/49 MP: 6/6
  2763 | D:4      | Reached XP level 7. HP: 28/54 MP: 7/7
  3378 | D:4      | You fall into a shaft and drop 3 floors!
  3532 | D:6      | Found a basalt altar of Yredelemnul.
  3585 | D:6      | Noticed Tungsten's ghost (novice VSAs)
  3586 | D:6      | Found a runed translucent door.
  3623 | D:5      | Entered Level 5 of the Dungeon
  3641 | D:5      | Noticed Ijyb
  3654 | D:5      | Killed Ijyb
  3705 | D:5      | Found a blossoming altar of Fedhas.
  3928 | D:5      | Found a staircase to the Ecumenical Temple.
  3937 | Temple   | Entered the Ecumenical Temple
  3965 | Temple   | Became a worshipper of Uskayaw the Reveler
  4036 | D:5      | Found a white marble altar of Elyvilon.
  4103 | D:5      | Reached * piety under Uskayaw
  4582 | D:5      | Reached XP level 8. HP: 60/60 MP: 8/8
  4968 | D:6      | Reached ** piety under Uskayaw
  4971 | D:6      | Reached *** piety under Uskayaw
  4974 | D:6      | Reached **** piety under Uskayaw
  4991 | D:6      | HP: 3/60 [wyvern zombie (12)]
  5895 | D:7      | Noticed a hippogriff
  5917 | D:7      | Killed a hippogriff
  5917 | D:7      | Reached XP level 9. HP: 64/64 MP: 9/9
  6121 | D:7      | Reached skill level 1 in Invocations
  6192 | D:7      | Identified the +9 spear of Law {freeze, +Rage Dex+6}
  6359 | D:7      | Found a stormy altar of Qazlal.
  6404 | D:7      | Reached skill level 2 in Invocations
  6758 | D:8      | Reached skill level 3 in Invocations
  7283 | D:8      | Found a blossoming altar of Fedhas.
  7299 | D:8      | Reached skill level 4 in Invocations
  7311 | D:8      | Reached XP level 10. HP: 71/71 MP: 13/13
  7356 | D:8      | Noticed a tengu warrior
  7358 | D:8      | Noticed a tengu warrior
  7374 | D:8      | Killed a tengu warrior
  7374 | D:8      | Reached skill level 5 in Invocations
  7394 | D:8      | Killed a tengu warrior
  7394 | D:8      | Reached skill level 7 in Invocations
  7394 | D:8      | Reached ***** piety under Uskayaw
  7696 | D:9      | Found a staircase to the Lair.
  7696 | D:9      | Noticed a death yak
  7697 | D:9      | Noticed a death yak
  7697 | D:9      | Noticed a death yak
  7697 | D:9      | Noticed a death yak
  7698 | D:9      | Noticed a death yak
  7698 | D:9      | Noticed a death yak
  7814 | D:9      | Found Lepnaupp's Food Boutique.
  8375 | D:9      | Noticed a death yak
  8406 | D:8      | Killed a death yak
  8406 | D:8      | Reached skill level 1 in Shields
  8406 | D:8      | Reached skill level 8 in Invocations
  8660 | D:9      | Found a staircase to the Orcish Mines.
  8805 | D:9      | Noticed Erolcha
  8824 | D:9      | Killed Erolcha
  8824 | D:9      | Reached XP level 11. HP: 55/75 MP: 17/17
  9272 | D:9      | Noticed Erica
  9287 | D:9      | Killed Erica
  9324 | D:10     | Entered Level 10 of the Dungeon
  9431 | D:10     | Reached skill level 5 in Shields
  9449 | D:10     | Noticed a two-headed ogre
  9455 | D:10     | Killed a two-headed ogre
  9659 | D:10     | Noticed a two-headed ogre
  9687 | D:10     | Killed a two-headed ogre
  9687 | D:10     | Reached skill level 9 in Invocations
  9935 | D:10     | Noticed Maurice
  9945 | D:10     | Killed Maurice
 10462 | D:11     | Reached XP level 12. HP: 22/84 MP: 19/19
 10633 | D:11     | Noticed Nergalle
 10654 | D:11     | Killed Nergalle
 10680 | D:11     | Reached skill level 10 in Invocations
 10689 | D:11     | Reached ****** piety under Uskayaw
 10854 | D:11     | You fall into a shaft and drop 2 floors!
 10876 | D:13     | Noticed a centaur warrior
 10881 | D:13     | You fall into a shaft and drop 2 floors!
 10881 | D:15     | Entered Level 15 of the Dungeon
 11093 | D:13     | Noticed a death knight
 11279 | D:12     | Reached skill level 10 in Short Blades
 11871 | D:12     | Found the +8 longbow "Zephyr" {speed, Dex+3 SInv}
 12162 | D:12     | Noticed a six-headed hydra
 12166 | D:12     | Noticed a two-headed ogre
 12184 | D:12     | Killed a six-headed hydra
 12199 | D:12     | Killed a two-headed ogre
 12199 | D:12     | Reached XP level 13. HP: 37/91 MP: 20/20
 12886 | D:13     | Reached skill level 10 in Fighting
 12961 | D:13     | Reached skill level 11 in Invocations
 12962 | D:13     | Reached skill level 10 in Dodging
 13320 | D:13     | Reached skill level 12 in Invocations
 13861 | D:14     | Noticed Frances
 14096 | D:14     | Killed Frances
 14096 | D:14     | Reached skill level 13 in Invocations
 14179 | D:14     | Reached skill level 14 in Invocations
 14310 | D:14     | Reached XP level 14. HP: 95/99 MP: 24/24
 14751 | D:14     | Found a gate to the Vaults.
 15163 | D:15     | Slain by a white ugly thing

Illustrated notes

Levels and vault maps discovered:
D:1:      ncdulo_smallfort, layout_loops_ring, minivault_24,
          minmay_shallow_snake_nest
D:2:      layout_rooms
D:3:      layout_rooms, nicolae_ru_sacrificial_ziggurat,
          nicolae_dithmenos_shadow_blocks, nemelex_altar_shiori
D:4:      layout_basic, tso_metal_star,
          chequers_temple_overflow_statue_of_worship, first_ration
D:5:      layout_basic, lemuel_crystal_altar, lemuel_temple_firewalk_a,
          fedhas_altar_2, uniq_ijyb
D:6:      layout_loops_cross, lemuel_crystal_altar, gammafunk_ghost_grave
D:7:      layout_rooms, basic_altar
D:8:      layout_layer_cave, basic_altar
D:9:      layout_layer_cave, dpeg_lair_monsters, erik_orc_2, serial_shops,
          kennysheep_mini_moat, the_bakery, minmay_fractal_squares_gapless_5,
          uniq_erolcha, uniq_erica
D:10:     layout_basic, serial_corexii_hall, chequers_hall_statues_corner_a,
          corexii_hall_statues_i, small_statue_intersection, uniq_maurice
D:11:     layout_basic, nrook_guardian_serpent_ordinary, uniq_nergalle
D:12:     layout_basic, solitary_fountain
D:13:     layout_cave_pods
D:14:     layout_long_grid, ximxim_vaults_locker_room, minivault_24,
          minmay_librarian, uniq_frances
D:15:     hangedman_depths_entry_try_elsewhere_first, layout_cave_pools
Temple:   minmay_temple_curvy_branch

Skill      XL: |  1  2  3  4  5  6  7  8  9 10 11 12 13 14 |
---------------+-------------------------------------------+-----
Short Blades   | 3 4 5 7 8 9 11 | 11.2
Fighting       | 7 8 9 10 | 10.5
Long Blades    | 6 |  6.8
Dodging        | 6 7 8 9 10 | 10.5
Invocations    | 4 8 9 10 14 | 14.4
Stealth        | 7 8 9 |  9.4
Shields        | 2 5 |  5.0
Throwing       | |  2.0

Action                   |  1- 3 |  4- 6 |  7- 9 | 10-12 | 13-15 || total
-------------------------+-------+-------+-------+-------+-------++-------
Melee: Dagger            |    51 |    88 |   291 |   357 |       ||   787
       Tentacles         |     7 |    13 |    68 |   166 |    91 ||   345
       Constrict         |    15 |    12 |    40 |    55 |    42 ||   164
       Short sword       |       |       |       |   186 |   340 ||   526
Throw: Dart              |       |     8 |    19 |    32 |     8 ||    67
Invok: Stomp             |       |       |       |     1 |     3 ||     4
       Grand Finale      |       |       |       |       |     1 ||     1
Evoke: Wand              |       |       |     4 |     2 |     7 ||    13
  Use: Potion            |       |     7 |       |     7 |     3 ||    17
       Scroll            |       |       |    11 |    12 |     9 ||    32
 Stab: Sleeping          |    10 |     9 |    21 |    25 |    11 ||    76
       Paralysed         |       |       |    11 |    22 |    20 ||    53
       Distracted        |       |       |       |     2 |     1 ||     3
  Eat: Chunk             |     1 |     3 |    13 |    14 |    10 ||    41
       Ration            |       |     1 |       |     1 |       ||     2
Armor: Skin              |     2 |     6 |    15 |    50 |     5 ||    78
Dodge: Dodged            |    39 |    41 |   122 |   254 |   100 ||   556
Block: Buckler           |       |       |       |    67 |    41 ||   108
